 Dungeon Crawl Stone Soup version 0.30.0-29-ga12c61a403 (webtiles) character file.

Game seed: 7702841125379805073

725 hawla the Firebug (level 8, -3/59 HPs)
             Began as a Meteoran Fire Elementalist on June 13, 2023.
             Slain by a mummy (15 damage)
             ... in an ossuary.
             The game lasted 00:08:31 (1027 turns).

hawla the Firebug (Meteoran Fire Elementalist)      Turns: 1027, Time: 00:08:32

Health: -3/59      AC:  5    Str:  9    XL:     8   Next: 23%
Magic:  0/17       EV: 13    Int: 20    God:
Gold:   180        SH:  0    Dex: 14    Spells: 10/17 levels left

rFire   + . .        b - +0 mace
rCold   . . .        (no shield)
rNeg    . . .        a - +0 robe
rPois   .            (no helmet)
rElec   .            f - +0 cloak {rCorr}
rCorr   +            h - +1 pair of gloves
SInv    .            (no boots)
Will    +....        (no amulet)
Stlth   +            c - ring of protection from fire
HPRegen 0.29/turn    (no ring)
MPRegen 0.15/turn

%: no passive effects
@: glowing
A: sense surroundings 1, otherworldly, glowing, explore regen
a: no special abilities


You were in an ossuary.
You visited 1 branch of the dungeon, and saw 5 of its levels.
You also visited: Ossuary.

You collected 180 gold pieces.

Inventory:

Hand Weapons
 b - a +0 mace (weapon)
Armour
 a - a +0 robe (worn)
 f - a +0 cloak of preservation (worn)
 h - a +1 pair of gloves (worn)
Jewellery
 c - a ring of protection from fire (left hand)
 e - a ring of fire
Potions
 d - 2 potions of curing


   Skills:
 + Level 1.2 Fighting
 + Level 0.3 Maces & Flails
 + Level 3.4 Dodging
 - Level 1.4 Stealth
 + Level 5.3 Spellcasting
 + Level 5.8 Conjurations
 + Level 6.7 Fire Magic


You had 10 spell levels left.
You knew the following spells:

 Your Spells              Type           Power      Damage    Failure   Level
a - Foxfire               Conj/Fire      100%       2x1d9     1%          1
b - Scorch                Fire           64%        2d7       1%          2
c - Flame Wave            Conj/Fire      30%        2d9       9%          4

Your spell library contained the following spells:

 Spells                   Type           Power      Damage    Failure   Level
 Inner Flame              Hex/Fire       18%        N/A       9%          3
 Volatile Blastmotes      Fire/Tloc      36%        2d13      9%          3


Dungeon Overview and Level Annotations

Branches:
Dungeon (5/15) Zot: 1976  Ossuary (1/1) Zot: 585
 Temple: D:4-7

Altars:


Innate Abilities, Weirdness & Mutations

You passively map a small area around you.
You are easily found by Zot.
You glow in the dark.
You regain HP and MP as you explore.


Message History

You conjure some foxfire!
The foxfire hits the mummy!
The mummy is burned terribly!
The mummy is heavily damaged.
You feel better.
The foxfire hits the mummy but does no damage.
The foxfire hits the mummy!
The mummy is burned terribly!
The mummy is moderately damaged.
The foxfire hits the mummy.
The mummy is burned terribly!
The mummy is severely damaged.
You barely miss the mummy.
The mummy is severely damaged.
The mummy misses you. The mummy hits you! The mummy closely misses you.
Okay, then.
You hit the mummy.
The mummy is almost destroyed.
The mummy hits you but does no damage. x3
You hit the mummy.
You destroy the mummy!
The mummy barely misses you. The mummy closely misses you.
You hit the mummy but do no damage.
The mummy is heavily damaged.
The mummy hits you!
* * * LOW HITPOINT WARNING * * *
The mummy completely misses you.
Casting: Foxfire (safe; 1% risk of failure)
Confirm with . or Enter, or press ? or * to list all spells.
You conjure some foxfire!
The mummy barely misses you.
You feel better.
The foxfire hits the mummy.
The mummy is burned terribly!
The mummy is moderately damaged.
The foxfire hits the mummy.
The mummy is burned terribly!
The mummy is severely damaged.
The mummy closely misses you.
Unknown command.
You barely miss the mummy.
The mummy is severely damaged.
The mummy hits you!
* * * LOW HITPOINT WARNING * * *
The mummy hits you!
You die...

###*
#..######*
##.M....#
, ,
#..@∩.∩.+
##.M....#
,
#..######
### *


You could see 2 mummies.

Vanquished Creatures
  Sigmund (D:5)
  A steam dragon (D:5)
  2 hounds
  2 jellies
  An orc priest (D:4)
  Crazy Yiuf (D:4)
  An orc wizard (D:4)
  3 human skeletons (D:5)
  An iguana (D:5)
  A mummy (Ossuary)
  5 adders
  An ufetubus (D:5)
  2 dart slugs
  15 orcs
  4 endoplasms
  3 giant cockroaches
  2 hobgoblins (D:4)
  4 jackals (D:2)
  4 kobolds
  2 quokkas (D:4)
  2 ball pythons (D:4)
  A bat (D:3)
  4 goblins
  A rat (D:2)
64 creatures vanquished.

Vanquished Creatures (others)
  131 foxfires
131 creatures vanquished.

Grand Total: 195 creatures vanquished

Notes
Turn   | Place    | Note
-------+----------+-------------------------------------------
     0 | D:1      | hawla the Meteoran Fire Elementalist began the quest for
                  | the Orb.
     0 | D:1      | Reached XP level 1. HP: 14/14 MP: 5/5
    47 | D:2      | Reached skill level 4 in Fire Magic
    47 | D:2      | Reached XP level 2. HP: 20/20 MP: 3/6
    51 | D:2      | Learned a level 2 spell: Scorch
    83 | D:2      | Reached XP level 3. HP: 15/26 MP: 0/8
   279 | D:4      | Reached XP level 4. HP: 33/33 MP: 6/9
   283 | D:4      | Reached skill level 5 in Fire Magic
   293 | D:4      | HP: 1/34 [something (3)]
   295 | D:4      | Reached XP level 5. HP: 2/39 MP: 0/11
   303 | D:4      | Learned a level 4 spell: Flame Wave
   456 | D:4      | Found a runed translucent door.
   457 | D:4      | Noticed Crazy Yiuf
   463 | D:4      | Killed Crazy Yiuf
   464 | D:4      | Reached XP level 6. HP: 33/46 MP: 5/12
   670 | D:5      | Entered Level 5 of the Dungeon
   685 | D:5      | Noticed Sigmund
   688 | D:5      | Killed Sigmund
   689 | D:5      | Reached skill level 5 in Conjurations
   689 | D:5      | Reached XP level 7. HP: 50/51 MP: 6/14
   835 | D:5      | Noticed a steam dragon
   846 | D:5      | Killed a steam dragon
   847 | D:5      | Reached skill level 1 in Fighting
   847 | D:5      | Reached skill level 5 in Spellcasting
   847 | D:5      | Reached skill level 6 in Fire Magic
   847 | D:5      | Reached XP level 8. HP: 36/59 MP: 5/16
   997 | D:5      | Found a sand-covered staircase.
  1015 | Ossuary  | Entered an ossuary
  1027 | Ossuary  | Slain by a mummy

Illustrated notes

Levels and vault maps discovered:
D:1:      ncdulo_watergridlock, layout_basic, minmay_misc_feat_rugged,
          minmay_misc_feat_plants, hex_intersection, minivault_24
D:2:      wad_crossroads, layout_basic, minmay_fractal_squares_5, uniq_robin
D:3:      layout_basic, nicolae_uskayaw_suspiria, feat_on_display, uniq_jessica
D:4:      nicolae_cairo_tiling_very_big, layout_basic, uniq_crazy_yiuf_cottage
D:5:      layout_basic, nicolae_ossuary_entry_catacombs, uniq_sigmund
Ossuary:  ossuary_minmay_chase

Skill      XL: |  1  2  3  4  5  6  7 |
---------------+----------------------+-----
Fire Magic     | 4 5 6 |  6.7
Spellcasting   | 3 4 5 |  5.3
Conjurations   | 3 5 |  5.8
Dodging        | 3 |  3.4
Fighting       | 1 |  1.2
Maces & Flails | |  0.3
Stealth        | |  1.4

Action                     |  1- 3 |  4- 6 |  7- 9 || total
---------------------------+-------+-------+-------++-------
  Melee: Unarmed           |    15 |       |       ||    15
         Mace              |     1 |    16 |    14 ||    31
         Punch             |       |     1 |       ||     1
   Cast: Foxfire           |    37 |    16 |    20 ||    73
         Scorch            |     1 |    18 |    12 ||    31
         Flame Wave        |       |     3 |     1 ||     4
    Use: Scroll            |     1 |     2 |     1 ||     4
         Potion            |     1 |       |     3 ||     4
 Armour: Robe              |    17 |     4 |    14 ||    35
  Dodge: Dodged            |    16 |    12 |    25 ||    53
